 Dungeon Crawl Stone Soup version 0.32-a0-391-gce5c0aab1b (webtiles) character file.

Game seed: 7067685171759382909

426 n00bmints the Cudgeller (level 6, -4/56 HPs)
             Began as a Mountain Dwarf Berserker on Feb 19, 2024.
             Was a Believer of Trog.
             Incinerated by a bombardier beetle (6 damage)
             ... with a burning spray
             ... on level 3 of the Dungeon.
             The game lasted 00:06:29 (2042 turns).

n00bmints the Cudgeller (Mountain Dwarf Berserker)  Turns: 2042, Time: 00:06:30

Health: -4/56      AC: 12    Str: 22    XL:     6   Next: 64%
Magic:  6/6        EV:  8    Int:  7    God:    Trog [**....]
Gold:   86         SH:  0    Dex:  9    Spells: 5/5 levels left

rFire   . . .        n - +0 hammer
rCold   . . .        (no shield)
rNeg    . . .        d - +0 chain mail
rPois   .            (no helmet)
rElec   .            o - +2 cloak {rCorr}
rCorr   +            (no gloves)
SInv    +            (no boots)
Will    ++...        (no amulet) Stlth
                     l - ring of see invisible
HPRegen 1.29/turn    (no ring)
MPRegen 0.10/turn

%: no passive effects
@: on fire, strong-willed (expiring), regenerating (expiring), glowing
A: runic magic, artefact enchanting
a: Renounce Religion, Berserk, Trog's Hand


You were on level 3 of the Dungeon.
You worshipped Trog.
Trog was pleased with you.
You visited 1 branch of the dungeon, and saw 3 of its levels.

You collected 86 gold pieces.

Inventory:

Hand Weapons
 a - a +0 mace
 n - a +0 hammer (weapon)
Armour
 d - a +0 chain mail (worn)
 o - a +2 cloak of preservation (worn)
Jewellery
 l - a ring of see invisible (left hand)
Scrolls
 e - 2 scrolls of identify {unknown}
 f - a scroll of immolation {unknown}
 g - a scroll of noise {unknown}
 h - a scroll of teleportation {unknown}
 m - a scroll of silence {unknown}
 p - 2 scrolls of revelation {unknown}
 q - a scroll of amnesia {unknown}
Potions
 b - a potion of invisibility {unknown}
 c - a potion of might {unknown}
 i - a potion of brilliance {unknown}
 j - a potion of lignification {unknown}
 k - a potion of haste {unknown}


   Skills:
 + Level 5.1 Fighting
 + Level 6.7 Maces & Flails
 + Level 4.0 Armour
 + Level 1.8 Dodging
 + Level 0.1 Stealth


You had 5 spell levels left.
You didn't know any spells.
Your spell library was empty.

Dungeon Overview and Level Annotations

Branches:
Dungeon (3/15)

Altars:

Shops:
D:1 [


Innate Abilities, Weirdness & Mutations

Your spellcasting is much less encumbered by armour.
You can use scrolls of enchantment on lesser artefacts.


Message History

The bombardier beetle bites you but does no damage.
You closely miss the bombardier beetle.
The bombardier beetle is heavily wounded.
The liquid fire burns you!
You recover from your berserk rage.
The bombardier beetle barely misses you.
You are too injured to fight recklessly!
You are too injured to fight recklessly!
You are too injured to fight recklessly!
Your skin crawls.
You feel strong-willed. The liquid fire burns you!
You feel yourself speed up.
The bombardier beetle bites you but does no damage.
You hit the bombardier beetle.
The bombardier beetle is severely wounded.
The liquid fire burns you!
* * * LOW HITPOINT WARNING * * *
The bombardier beetle waves its antennae.
The bombardier beetle bites you.
* * * LOW HITPOINT WARNING * * *
You sock the bombardier beetle!
You kill the bombardier beetle!
Trog accepts your kill. The liquid fire burns you!
* * * LOW HITPOINT WARNING * * *
Your Fighting skill increases to level 5!
The liquid fire burns you!
* * * LOW HITPOINT WARNING * * *
The liquid fire burns you!
* * * LOW HITPOINT WARNING * * *
The liquid fire burns you!
* * * LOW HITPOINT WARNING * * *
You feel the effects of Trog's Hand fading.
The liquid fire burns you!
* * * LOW HITPOINT WARNING * * *
The liquid fire burns you!
* * * LOW HITPOINT WARNING * * *
The liquid fire burns you!
You die...

##.. #†.# #..# .
.##########..## #..#
#.#.........).†.###..###
#.#.#########..........#
#...)###...........†(†.#######
#...)†)....)..................
##...###.##.......#.##........
##.## #.####....##.##.###.###
#.# #.# #..@.##..#.. # #.# #.#
####†###.#### ####.####.# #.#
.. .......<..# ... ..
####.###### .## .. .. ..


There were no monsters in sight!

Vanquished Creatures
  Sigmund (D:3)
  A bombardier beetle (D:3)
  Crazy Yiuf (D:2)
  Terence (D:2)
  Natasha (twice) (D:3)
  An adder (D:2)
  A gnoll (D:1)
  A dart slug (D:1)
  3 orcs (D:3)
  3 endoplasms
  4 giant cockroaches
  3 goblins
  9 hobgoblins
  5 kobolds
  3 quokkas
  6 ball pythons
  10 bats
  6 frilled lizards
  6 rats
67 creatures vanquished.

Notes
Turn   | Place    | Note
-------+----------+-------------------------------------------
     0 | D:1      | n00bmints the Mountain Dwarf Berserker began the quest for
                  | the Orb.
     0 | D:1      | Reached XP level 1. HP: 19/19 MP: 1/1
     7 | D:1      | Noticed an electric eel
    71 | D:1      | Reached XP level 2. HP: 23/26 MP: 2/2
    78 | D:1      | Reached skill level 4 in Maces & Flails
   253 | D:1      | Reached XP level 3. HP: 33/33 MP: 3/3
   370 | D:1      | Found Ofuilier's Armour Emporium.
   552 | D:1      | Reached ** piety under Trog
   600 | D:1      | Reached XP level 4. HP: 40/40 MP: 4/4
   827 | D:2      | Found a faded altar of an unknown god.
   868 | D:2      | Reached skill level 5 in Maces & Flails
  1126 | D:2      | Noticed Terence
  1144 | D:2      | Killed Terence
  1598 | D:2      | Found a runed translucent door.
  1603 | D:2      | Noticed Crazy Yiuf
  1611 | D:2      | Killed Crazy Yiuf
  1612 | D:2      | Reached XP level 5. HP: 30/47 MP: 5/5
  1910 | D:3      | Noticed Natasha
  1924 | D:3      | Killed Natasha
  1978 | D:3      | Noticed Natasha
  1990 | D:3      | Killed Natasha
  1991 | D:3      | Reached skill level 6 in Maces & Flails
  1992 | D:3      | Noticed Sigmund
  2011 | D:3      | Killed Sigmund
  2012 | D:3      | Reached XP level 6. HP: 50/55 MP: 6/6
  2037 | D:3      | Reached skill level 5 in Fighting
  2040 | D:3      | HP: 2/56 [burnt (4)]
  2042 | D:3      | Incinerated by a bombardier beetle

Illustrated notes

Levels and vault maps discovered:
D:1:      arrival_aquarium_a, layout_basic, serial_bayou, serial_bayou_shore_a,
          serial_bayou_pond_b, serial_bayou_pond_d, serial_bayou_pond_a,
          serial_shops, nicolae_shop_crystal
D:2:      layout_loops_corners, hellmonk_ecumenical_altar_slurped_away,
          uniq_crazy_yiuf_cottage, uniq_terence
D:3:      layout_loops_ring, uniq_natasha, uniq_sigmund, uniq_robin

Skill      XL: |  1  2  3  4  5  6 |
---------------+-------------------+-----
Maces & Flails | 4 5 6 |  6.7
Fighting       | 4 5 |  5.1
Armour         | 3 4 |  4.0
Dodging        | |  1.8
Stealth        | |  0.1

Action                     |  1- 3 |  4- 6 || total
---------------------------+-------+-------++-------
  Melee: Mace              |    81 |   125 ||   206
 Invoke: Berserk           |     1 |     2 ||     3
         Trog's Hand       |     1 |     6 ||     7
 Armour: Chain mail        |    79 |   137 ||   216
  Dodge: Dodged            |    56 |    74 ||   130

Table legend: (Time is in decaauts)
 A = Elapsed time spent in this place.
 B = Non-inter-level travel time spent in this place.
 C = Inter-level travel time spent in this place.
 D = Time resting spent in this place.
 E = Time spent auto-exploring this place.
 F = Levels seen in this place.
 G = Mean time per level.
                   A        B        C        D        E       F      G
               +--------+--------+--------+--------+--------+-----+--------+
         Total |   2124 |   1940 |    184 |      0 |   1402 |   3 |  708.0 |
       Dungeon |   2124 |   1940 |    184 |      0 |   1402 |   3 |  708.0 |
               +--------+--------+--------+--------+--------+-----+--------+

Top non-repeatable levels by time:
     D:2: 1059 daAuts
     D:1: 834 daAuts
     D:3: 230 daAuts
